 Dungeon Crawl Stone Soup version 0.29-a0-732-g3d7fbe0af2 (webtiles) character file.

Game seed: 3770105513841657153

20333 IdlyInterested the Summoner (level 12, 0/84 HPs)
             Began as a Demonspawn Gladiator on June 29, 2022.
             Slain by a bullfrog (4 damage)
             ... on level 2 of the Lair of Beasts.
             The game lasted 00:46:33 (15291 turns).

IdlyInterested the Summoner (Demonspawn Gladiator) Turns: 15291, Time: 00:46:34

Health: 0/84       AC: 17    Str: 15    XL:     12   Next: 44%
Magic:  18/18      EV: 15    Int: 12    God:
Gold:   704        SH:  0    Dex: 20    Spells: 0/19 levels left

rFire   . . .      SeeInvis .   w - +1 halberd (vorpal)
rCold   + . .      Faith    .   (shield currently unavailable)
rNeg    . . .      Spirit   .   K - +3 scale mail
rPois   .          Reflect  .   c - +0 helmet
rElec   .          Harm     .   n - +1 cloak
rCorr   .          Rampage  .   U - +0 pair of gloves
Will    +++..      Rage     50% (no boots)
Stlth   ++........              x - necklace of Bloodlust {*Rage Will++ Int-3 Slay+6}
HPRegen 0.24/turn               m - ring of wizardry
MPRegen 0.16/turn               l - +6 ring of dexterity

@: no status effects
A: hooves 2, yellow scales 2, demonic magic 2, demonic willpower, cold
resistance 1, sturdy frame 1
a: no special abilities


You were on level 2 of the Lair of Beasts.
You visited 3 branches of the dungeon, and saw 15 of its levels.

You collected 844 gold pieces.
You spent 140 gold pieces at shops.

Inventory:

Hand Weapons
 a - a +0 trident
 w - a +1 vorpal halberd (weapon)
 z - the +5 whip of Haetiw {protect, rN+}
   (You found it on level 7 of the Dungeon)

   It grants its wielder temporary protection when it strikes (+7 to AC).
   rN:        It protects you from negative energy.
 H - a +2 hand axe of flaming
Missiles
 d - 2 throwing nets
 e - 8 javelins
 g - 25 poisoned darts (quivered)
 r - 4 boomerangs
 C - 5 atropa-tipped darts
 F - 2 silver boomerangs
 G - 3 boomerangs of dispersal
Armour
 c - a +0 helmet (worn)
 n - a +1 cloak (worn)
 s - a +3 ring mail
 t - a +1 robe of fire resistance
 B - a +0 ring mail of positive energy
 K - a +3 scale mail (worn)
 L - a +1 scale mail of cold resistance
 T - a +0 buckler
 U - a +0 pair of gloves (worn)
 X - a +0 troll leather armour
Magical Staves
 Q - a staff of poison
Jewellery
 k - an amulet of guardian spirit
 l - a +6 ring of dexterity (right hand)
 m - a ring of wizardry (left hand)
 x - the necklace of Bloodlust (around neck) {*Rage Will++ Int-3 Slay+6}
   (You found it on level 5 of the Dungeon)

   [amulet of nothing]

   It extends the wearer's berserk rage when killing foes.
   Int:       It affects your intelligence (-3).
   Slay:      It affects your accuracy & damage with ranged weapons and melee
   (+6).
   *Rage:     It berserks you when you make melee attacks (+50% chance).
   Will:      It greatly increases your willpower.
 D - a ring of wizardry
 I - a ring of protection from cold
Wands
 y - a wand of iceblast (6)
 M - a wand of flame (16)
 W - a wand of polymorph (4)
Scrolls
 b - 5 scrolls of fog
 i - 5 scrolls of teleportation
 v - 4 scrolls of identify
 E - 2 scrolls of amnesia
 N - 2 scrolls of enchant weapon
 V - a scroll of magic mapping
Potions
 f - a potion of flight
 h - 3 potions of attraction
 j - 8 potions of curing
 o - 5 potions of brilliance
 p - 5 potions of heal wounds
 q - 3 potions of magic
 u - 2 potions of lignification
 A - 3 potions of haste
 J - 2 potions of mutation
 O - a potion of might
 P - a potion of ambrosia
 R - 2 potions of resistance
 S - 2 potions of berserk rage


   Skills:
 * Level 4.3 Fighting
 + Level 8.8 Polearms
 - Level 4.0 Throwing
 - Level 4.0 Armour
 + Level 8.6 Dodging
 - Level 4.0 Stealth
 - Level 4.0 Spellcasting
 - Level 2.0 Hexes
 * Level 12.4 Summonings
 - Level 2.0 Ice Magic
 - Level 2.0 Poison Magic
 - Level 4.0 Evocations


You couldn't memorise any spells.
You knew the following spells:

 Your Spells              Type           Power      Damage    Failure   Level
a - Summon Small Mammal   Summ           100%       N/A       1%          1
b - Call Imp              Summ           32%        N/A       1%          2
c - Summon Ice Beast      Ice/Summ       19%        N/A       11%         4
d - Summon Mana Viper     Hex/Summ       19%        N/A       28%         5
e - Monstrous Menagerie   Summ           16%        N/A       67%         7

Your spell library contained the following spells:

 Spells                   Type           Power      Damage    Failure   Level
 Apportation              Tloc           4%         N/A       21%         1
 Magic Dart               Conj           8%         1d3       21%         1
 Necrotize                Necr           8%         1d4       21%         1
 Frozen Ramparts          Ice            14%        1d3       26%         3
 Ozocubu's Armour         Ice            7%         N/A       26%         3
 Inner Flame              Hex/Fire       4%         N/A       36%         3
 Mephitic Cloud           Conj/Pois/Air  3%         N/A       41%         3
 Gell's Gravitas          Tloc           2%         N/A       50%         3
 Lesser Beckoning         Tloc           2%         N/A       50%         3
 Teleport Other           Tloc           2%         N/A       50%         3
 Cause Fear               Hex            3%         N/A       61%         4
 Ice Form                 Ice/Tmut       4%         N/A       75%         4
 Metabolic Englaciation   Hex/Ice        3%         N/A       91%         5
 Simulacrum               Ice/Necr       2%         N/A       100%        6
 Discord                  Hex            3%         N/A       100%        8


Dungeon Overview and Level Annotations

Branches:
Dungeon (12/15)            Temple (1/1) D:6            Lair (2/6) D:11
    Orc (0/2) D:10
  Swamp: Lair:2-4    Shoals: Lair:2-4     Snake: Lair:2-4    Spider: Lair:2-4

Altars:
Ashenzari
Cheibriados
Dithmenos
Elyvilon
Fedhas
Gozag
Hepliaklqana
Kikubaaqudgha
Makhleb
Nemelex Xobeh
Okawaru
Qazlal
Ru
Sif Muna
Trog
Uskayaw
Vehumet
Wu Jian
Xom
Yredelemnul
Zin
The Shining One

Shops:
D:1 *   D:7 **


Innate Abilities, Weirdness & Mutations

You have hoof-like feet.
You are mostly covered in yellow scales. (AC +3)
Spells you cast may paralyse nearby enemies.
You punish those that try to bend your will. (Will+)
Your flesh is cold resistant. (rC+)
Your movements are slightly less encumbered by armour. (ER -2)


Message History

* * * LOW HITPOINT WARNING * * *
You slash the yak!
The yak is moderately wounded.
You feel yourself speed up. The yak barely misses you.
The yak gores something!
The yak barely misses you.
You puncture the yak! You kick the yak.
The yak is severely wounded.
The yak gores you!
* * * LOW HITPOINT WARNING * * *
The yak gores something!
The yak completely misses you.
You slash the yak!
The yak is almost dead.
The yak gores you but does no damage.
The yak gores something! x2
You hit the yak. Your kick misses the yak.
The yak is moderately wounded.
The yak misses you. The yak gores you but does no damage.
The yak gores something!
You slash the yak!
You kill the yak!
The bullfrog snags a nearby blue-tailed skink with its tongue.
The bullfrog closely misses you. The yak completely misses you.
You closely miss the yak. You kick the yak.
The yak is moderately wounded.
The bullfrog hits you but does no damage.
The bullfrog closely misses you. The yak gores you but does no damage.
You slash the yak!
The yak is severely wounded.
The bullfrog closely misses you. The yak closely misses you.
You closely miss the yak. You kick the yak, but do no damage.
The yak is severely wounded.
The bullfrog misses you. The bullfrog barely misses you. The yak gores you!
* * * LOW HITPOINT WARNING * * *
You barely miss the yak. You kick the yak.
The yak is severely wounded.
The bullfrog barely misses you. The yak gores you but does no damage.
You barely miss the yak.
The yak is severely wounded.
You recover from your berserk rage.
The bullfrog closely misses you. The bullfrog hits you.
You die...

............# P#.
............## #...
.............# ##...
.###...#.†...####P....
.. #....###.††#.#..#
.. ###......††....# ..
#.....##.....## .
#P..### #......# ...
#..#@F## .. #...##YY#
. # #...# #Y..# .
....## #..# . ##...#
.... . ...# .... ....
... ...


You could see 3 yaks and a bullfrog.

Vanquished Creatures
  3 hydras (Lair:1)
  A two-headed ogre (D:10)
  Urug (D:10)
  The ghost of gdog the Covert, a novice GnDe (D:4)
  Pikel (D:9)
  An ugly thing (D:12)
  A manticore (D:11)
  A cyclops (D:11)
  4 elephants (Lair:2)
  Joseph (Lair:1)
  A cane toad (Lair:1)
  A gargoyle (D:11)
  3 komodo dragons
  A polar bear (Lair:2)
  Prince Ribbit (D:9)
  A troll (D:12)
  5 blink frogs (Lair:2)
  2 wyverns
  A vampire (D:12)
  2 wraiths
  Sigmund (D:3)
  21 yaks
  A steam dragon (D:6)
  2 basilisks
  2 vampire mosquitoes (D:10)
  6 water moccasins
  4 orc warriors
  3 black bears
  An ice beast (D:7)
  2 ogres
  13 centaurs
  2 kobold brigands (D:7)
  A nameless horror (D:11)
  4 bullfrogs
  5 scorpions
  A necrophage (D:6)
  4 wights (D:9)
  7 killer bees
  3 howler monkeys
  9 hounds
  A jelly (D:7)
  Crazy Yiuf (D:2)
  3 orc priests
  A gnoll shaman (D:6)
  Natasha (thrice) (D:2)
  Terence (D:2)
  3 iguanas
  12 orc wizards
  3 adders
  6 gnolls
  A shadow imp (D:6)
  3 dart slugs
  34 orcs
  4 endoplasms
  5 giant cockroaches
  5 goblins
  3 hobgoblins
  16 jackals
  7 quokkas
  7 ball pythons
  4 bats
  2 frilled lizards (D:3)
  21 kobolds
  6 rats
277 creatures vanquished.

Vanquished Creatures (collateral kills)
  A hydra (D:12)
  A yak (D:9)
  2 water moccasins
  An ogre (D:5)
  A scorpion (D:4)
  An adder (D:4)
  A giant cockroach (D:3)
  A hobgoblin (D:3)
  A kobold (D:3)
10 creatures vanquished.

Vanquished Creatures (others)
  8 fungi
  11 plants
19 creatures vanquished.

Grand Total: 306 creatures vanquished

Notes
Turn   | Place    | Note
-------+----------+-------------------------------------------
     0 | D:1      | IdlyInterested the Demonspawn Gladiator began the quest for
                  | the Orb.
     0 | D:1      | Reached XP level 1. HP: 16/16 MP: 1/1
   236 | D:1      | Gained mutation: You are partially covered in yellow
                  | scales. (AC +2) [demonic ancestry]
   236 | D:1      | Reached XP level 2. HP: 21/22 MP: 2/2
   251 | D:1      | Reached skill level 1 in Summonings
   253 | D:1      | Reached skill level 1 in Armour
   261 | D:1      | Found Qufeter's General Store.
   642 | D:1      | Gained mutation: You have large cloven feet. [demonic
                  | ancestry]
   642 | D:1      | Reached XP level 3. HP: 27/27 MP: 3/3
  1145 | D:1      | Bought a potion of flight for 30 gold pieces
  1221 | D:1      | Learned a level 1 spell: Summon Small Mammal
  1255 | D:2      | Found a faded altar of an unknown god.
  1260 | D:2      | Found a hide-covered altar of Uskayaw.
  1447 | D:2      | Found a runed translucent door.
  1448 | D:2      | Noticed Crazy Yiuf
  1456 | D:2      | Killed Crazy Yiuf
  1457 | D:2      | Reached skill level 1 in Stealth
  1457 | D:2      | Gained mutation: You are mostly covered in yellow scales.
                  | (AC +3) [demonic ancestry]
  1457 | D:2      | Reached XP level 4. HP: 33/33 MP: 4/4
  1464 | D:2      | Identified the +7 hammer of Ameh {elec, Int+6}
  1527 | D:2      | Noticed Natasha
  1549 | D:2      | Killed Natasha
  1550 | D:2      | Reached skill level 2 in Summonings
  1870 | D:2      | Noticed Terence
  1886 | D:2      | Killed Terence
  1887 | D:2      | Reached skill level 1 in Evocations
  2109 | D:2      | Noticed Natasha
  2121 | D:2      | Killed Natasha
  2122 | D:2      | Gained mutation: Spells you cast may paralyse adjacent
                  | enemies. [demonic ancestry]
  2122 | D:2      | Reached XP level 5. HP: 14/38 MP: 3/5
  2424 | D:2      | Noticed Natasha
  2429 | D:2      | Killed Natasha
  2497 | D:2      | Learned a level 2 spell: Call Imp
  2617 | D:3      | Reached skill level 3 in Summonings
  2697 | D:3      | Found a shadowy altar of Dithmenos.
  2919 | D:3      | Noticed Sigmund
  2939 | D:3      | Killed Sigmund
  2940 | D:3      | Reached skill level 1 in Spellcasting
  2940 | D:3      | Reached XP level 6. HP: 38/44 MP: 3/7
  3074 | D:3      | Reached skill level 4 in Summonings
  3361 | D:1      | Bought a potion of heal wounds for 50 gold pieces
  3361 | D:1      | Bought a potion of curing for 30 gold pieces
  3361 | D:1      | Bought a potion of curing for 30 gold pieces
  4046 | D:4      | Found a burning altar of Makhleb.
  4056 | D:4      | Gained mutation: Spells you cast may paralyse nearby
                  | enemies. [demonic ancestry]
  4056 | D:4      | Reached XP level 7. HP: 20/50 MP: 5/8
  4780 | D:4      | Reached skill level 5 in Summonings
  4856 | D:4      | Found a snail-covered altar of Cheibriados.
  4970 | D:4      | Found a runed translucent door.
  4977 | D:4      | Noticed gdog's ghost (novice GnDe)
  5208 | D:4      | Killed gdog's ghost
  5209 | D:4      | Reached skill level 5 in Polearms
  5209 | D:4      | Reached XP level 8. HP: 38/56 MP: 5/11
  5333 | D:5      | Entered Level 5 of the Dungeon
  5347 | D:5      | Reached skill level 6 in Summonings
  5484 | D:5      | Reached skill level 5 in Dodging
  5596 | D:5      | Learned a level 4 spell: Summon Ice Beast
  6196 | D:5      | Found the necklace of Bloodlust {*Rage Will++ Int-3 Slay+6}
  6572 | D:6      | Reached skill level 7 in Summonings
  6572 | D:6      | Reached XP level 9. HP: 47/63 MP: 12/12
  6947 | D:6      | Found a sacrificial altar of Ru.
  7407 | D:6      | Found a staircase to the Ecumenical Temple.
  7412 | Temple   | Entered the Ecumenical Temple
  7845 | D:7      | Found Fyregrah's Fabulous Fripperies.
  7864 | D:7      | Found an opulent altar of Gozag.
  7892 | D:7      | Identified the +5 whip of Haetiw {protect, rN+}
  8053 | D:7      | Found Nekhouno's Mayhem Merchandise.
  8070 | D:7      | Reached skill level 8 in Summonings
  8478 | D:7      | Gained mutation: Your movements are slightly less
                  | encumbered by armour. (ER -2) [potion of mutation]
  8478 | D:7      | Gained mutation: You have hidden genetic defects. [potion
                  | of mutation]
  8478 | D:7      | Gained mutation: Your flesh is cold resistant. (rC+)
                  | [potion of mutation]
  8478 | D:7      | Lost mutation: You have hidden genetic defects. [potion of
                  | mutation]
  8751 | D:8      | Reached XP level 10. HP: 49/70 MP: 14/14
  9299 | D:9      | Noticed Prince Ribbit
  9304 | D:9      | Killed Prince Ribbit
  9305 | D:9      | Reached skill level 9 in Summonings
  9317 | D:9      | Found a shimmering blue altar of Sif Muna.
  9523 | D:9      | Noticed Pikel
  9533 | D:9      | Killed Pikel
  9985 | D:10     | Entered Level 10 of the Dungeon
 10021 | D:10     | Found a staircase to the Orcish Mines.
 10023 | D:10     | Noticed a two-headed ogre
 10032 | D:10     | Killed a two-headed ogre
 10113 | D:10     | Noticed Urug
 10121 | D:10     | Killed Urug
 10122 | D:10     | Reached skill level 10 in Summonings
 10315 | D:10     | Learned a level 5 spell: Summon Mana Viper
 10644 | D:10     | Found a stormy altar of Qazlal.
 10680 | D:10     | Found a hide-covered altar of Uskayaw.
 10794 | D:10     | Gained mutation: You punish those that try to bend your
                  | will. (Will+) [demonic ancestry]
 10794 | D:10     | Reached XP level 11. HP: 77/77 MP: 15/15
 11513 | D:11     | Found a staircase to the Lair.
 11944 | D:12     | Noticed a cyan ugly thing
 11949 | D:12     | Killed a cyan ugly thing
 12265 | D:12     | Reached skill level 11 in Summonings
 12297 | D:12     | Noticed an eight-headed hydra
 12305 | D:12     | Killed a six-headed hydra
 12889 | D:12     | Found a hide-covered altar of Uskayaw.
 12939 | Lair:1   | Entered Level 1 of the Lair of Beasts
 12968 | Lair:1   | Noticed a four-headed hydra
 12980 | Lair:1   | Killed a one-headed hydra
 12981 | Lair:1   | Reached skill level 1 in Hexes
 13223 | Lair:1   | Noticed a seven-headed hydra
 13235 | Lair:1   | Killed a six-headed hydra
 13628 | Lair:1   | Reached skill level 1 in Ice Magic
 13915 | Lair:1   | Noticed an eight-headed hydra
 13924 | Lair:1   | Killed a seven-headed hydra
 13935 | Lair:1   | Gained mutation: You have hoof-like feet. [demonic
                  | ancestry]
 13935 | Lair:1   | Reached XP level 12. HP: 83/83 MP: 10/18
 14255 | Lair:1   | Reached skill level 1 in Poison Magic
 14430 | Lair:1   | Noticed Joseph
 14438 | Lair:1   | Killed Joseph
 14627 | Lair:1   | Learned a level 7 spell: Monstrous Menagerie
 14855 | Lair:2   | Reached skill level 12 in Summonings
 15289 | Lair:2   | HP: 3/84 [yak (10)]
 15291 | Lair:2   | Slain by a bullfrog

Illustrated notes

Levels and vault maps discovered:
D:1:      elethiomel_arrival_infinity_welcomes_careful_drivers, layout_rooms,
          serial_shops, shop_statue
D:2:      layout_loops_ring, hellmonk_ecumenical_altar_run_dry, basic_altar,
          uniq_terence, uniq_crazy_yiuf_cottage, uniq_natasha
D:3:      layout_rooms, grunt_dithmenos_smoke, serial_aquarium,
          aquarium_bridge_square [aquarium_subvault_window,
          aquarium_subvault_bridge, aquarium_subvault_wall,
          aquarium_subvault_wall], aquarium_window_corner,
          aquarium_window_corner, aquarium_window_corridor_1,
          aquarium_window_fake, aquarium_view_2a, aquarium_view_2a, uniq_sigmund
D:4:      layout_loops_corners, makhleb_heckhound_becter,
          kennysheep_slug_shrine, ebering_ghost_reflecting_pool,
          minmay_close_crescents
D:5:      black_bear_nest_2, layout_basic
D:6:      layout_basic, mainiacjoe_overflow_paths, temple_doors_ab
D:7:      layout_rooms, tso_altar, grunt_gozag_breadcrumbs,
          hangedman_decor_opposing, minmay_shop_mayhem, nicolae_alphabet_shops
D:8:      layout_rooms, minivault_24, grunt_ministairs_7,
          kennysheep_generic_room_10
D:9:      layout_roguey, mainiacjoe_overflow_tiny_flanked, uniq_prince_ribbit1,
          uniq_pikel
D:10:     layout_long_grid, mainiacjoe_overflow_catwalk,
          mainiacjoe_overflow_alcove_4, david_orc_2, uniq_urug
D:11:     layout_loops_cross, lair_entry_dummy
D:12:     layout_gridville, minmay_parallelograms, nicolae_uskayaw_suspiria
Temple:   dshaligram_water_room_temple
Lair:1:   layout_cave_pods, infiniplex_staircase_pool_2, serial_bayou_shore_b,
          uniq_joseph
Lair:2:   layout_layer_cave, st_stairs_13

Skill      XL: |  1  2  3  4  5  6  7  8  9 10 11 12 |
---------------+-------------------------------------+-----
Summonings     | 1 2 3 4 5 7 8 10 11 12 | 12.4
Armour         | 1 2 3 4 |  4.0
Polearms       | 3 5 6 7 8 |  8.8
Dodging        | 3 4 5 6 7 8 |  8.6
Stealth        | 1 2 3 4 |  4.0
Evocations     | 1 2 3 4 |  4.0
Spellcasting   | 1 2 3 4 |  4.0
Throwing       | 2 3 4 |  4.0
Fighting       | 3 4 |  4.3
Hexes          | 2 |  2.0
Ice Magic      | 2 |  2.0
Poison Magic   | 2 |  2.0

Action                   |  1- 3 |  4- 6 |  7- 9 | 10-12 || total
-------------------------+-------+-------+-------+-------++-------
Melee: Trident           |    93 |   166 |   169 |       ||   428
       Punch             |     2 |     3 |     3 |       ||     8
       Kick              |     8 |    44 |    74 |   109 ||   235
       Halberd           |       |       |   141 |   288 ||   429
       Hand axe          |       |       |       |    20 ||    20
Throw: Throwing net      |     1 |       |       |       ||     1
       Dart              |       |       |     7 |     2 ||     9
 Cast: Summon Small Mamm |       |     5 |    11 |     5 ||    21
       Call Imp          |       |     4 |     8 |     7 ||    19
       Summon Ice Beast  |       |       |       |     7 ||     7
Evoke: Wand              |       |       |       |     8 ||     8
  Use: Scroll            |     3 |     4 |     6 |    10 ||    23
       Potion            |       |     4 |     4 |       ||     8
 Stab: Distracted        |     1 |     2 |     3 |     2 ||     8
       Sleeping          |       |     3 |     2 |     2 ||     7
       Paralysed         |       |     5 |    16 |     4 ||    25
Armor: Leather armour    |    29 |    18 |       |       ||    47
       Ring mail         |       |    48 |   150 |       ||   198
       Scale mail        |       |       |     6 |   180 ||   186
Dodge: Dodged            |    52 |    96 |   239 |   320 ||   707

Table legend: (Time is in decaauts)
 A = Elapsed time spent in this place.
 B = Non-inter-level travel time spent in this place.
 C = Inter-level travel time spent in this place.
 D = Time resting spent in this place.
 E = Time spent auto-exploring this place.
 F = Levels seen in this place.
 G = Mean time per level.
                   A        B        C        D        E       F      G
               +--------+--------+--------+--------+--------+-----+--------+
         Total |  15855 |  15298 |    557 |   4249 |   8328 |  15 | 1057.0 |
       Dungeon |  13242 |  12705 |    537 |   3269 |   7040 |  12 | 1103.5 |
        Temple |    132 |    132 |      0 |      0 |    100 |   1 |  132.0 |
          Lair |   2480 |   2460 |     20 |    979 |   1187 |   2 | 1240.0 |
               +--------+--------+--------+--------+--------+-----+--------+

Top non-repeatable levels by time:
     D:4: 1859 daAuts
  Lair:1: 1781 daAuts
     D:2: 1403 daAuts
     D:1: 1353 daAuts
     D:6: 1312 daAuts
    D:12: 1180 daAuts
     D:5: 1150 daAuts
    D:10: 1016 daAuts
    D:11: 876 daAuts
     D:8: 809 daAuts
     D:3: 776 daAuts
     D:9: 776 daAuts
     D:7: 727 daAuts
  Lair:2: 699 daAuts
  Temple: 132 daAuts
